 Dungeon Crawl Stone Soup version 0.25.0-9-g26727b657a (webtiles) character file.

Game seed: 6238405796281458210

2145 HungrySpirit the Covert (level 9, -4/69 HPs)
             Began as a Gnoll Assassin on June 16, 2020.
             Splashed by a jelly's acid (9 damage)
             ... on level 7 of the Dungeon.
             The game lasted 00:09:50 (6574 turns).

HungrySpirit the Covert (Gnoll Assassin)            Turns: 6574, Time: 00:09:51

Health: -4/69      AC: -5    Str: 13    XL:     9   Next: 31%
Magic:  15/15      EV: 11    Int: 17    God:
Gold:   195        SH:  0    Dex: 17    Spells: 16/16 levels left

rFire    . . .     SeeInvis +   C - +0 hand axe (vamp)
rCold    . . .     Gourm    .   (no shield)
rNeg     . . .     Faith    .   m - +0 scale mail
rPois    .         Spirit   .   j - +0 helmet
rElec    .         Reflect  .   c - +0 cloak
rCorr    .         Harm     .   (no gloves)
MR       .....                  A - +0 pair of boots
Stlth    ++++......             (no amulet)
HPRegen  0.21/turn              t - ring of stealth
MPRegen  0.14/turn              i - ring of see invisible

@: corroded
A: distributed training, fangs 1, strong nose
a: no special abilities


You were on level 7 of the Dungeon.
You were very hungry.

You visited 1 branch of the dungeon, and saw 7 of its levels.

You collected 195 gold pieces.

Inventory:

Hand Weapons
 C - a +0 vampiric hand axe (weapon)
Missiles
 u - 6 poisoned darts
 v - a curare-tipped dart (quivered)
Armour
 c - a +0 cloak (worn)
 j - a +0 helmet (worn)
 m - a +0 scale mail (worn)
 A - a +0 pair of boots (worn)
Jewellery
 b - an uncursed ring of magical power
 i - a ring of see invisible (right hand)
 t - a ring of stealth (left hand)
Wands
 e - a wand of paralysis (17)
Scrolls
 h - a scroll of identify
 l - a scroll of blinking {unknown}
 n - a scroll of noise {unknown}
 o - 3 scrolls of remove curse
 q - 2 scrolls of teleportation {unknown}
 r - a scroll of amnesia {unknown}
 s - 2 scrolls of magic mapping {unknown}
 y - a scroll of random uselessness {unknown}
 B - a scroll of enchant armour {unknown}
Potions
 d - a potion of magic {unknown}
 g - 2 potions of might
 k - 6 potions of curing
 p - a potion of cancellation {unknown}
 w - a potion of resistance
 x - a potion of stabbing {unknown}
 z - a potion of haste {unknown}
Comestibles
 f - 8 rations


   Skills:
 + Level 6.2 Fighting
 + Level 6.2 Short Blades
 + Level 4.0 Long Blades
 + Level 4.0 Axes
 + Level 4.0 Maces & Flails
 + Level 4.0 Polearms
 + Level 4.0 Staves
 + Level 4.0 Slings
 + Level 4.0 Bows
 + Level 4.0 Crossbows
 + Level 6.2 Throwing
 + Level 4.0 Armour
 + Level 4.8 Dodging
 + Level 8.8 Stealth
 + Level 4.0 Shields
 + Level 4.0 Unarmed Combat
 + Level 4.0 Spellcasting
 + Level 3.3 Conjurations
 + Level 3.3 Hexes
 + Level 3.3 Charms
 + Level 3.3 Summonings
 + Level 3.3 Necromancy
 + Level 3.3 Translocations
 + Level 3.3 Transmutations
 + Level 3.3 Fire Magic
 + Level 3.3 Ice Magic
 + Level 3.3 Air Magic
 + Level 3.3 Earth Magic
 + Level 3.3 Poison Magic
 + Level 4.4 Invocations
 + Level 4.0 Evocations


You had 16 spell levels left.
You didn't know any spells.
Your spell library was empty.

Dungeon Overview and Level Annotations

Branches:
Dungeon (7/15)             Temple (0/1) D:6

Altars:
Gozag
Hepliaklqana
Nemelex Xobeh
Okawaru
Qazlal
Ru
Xom
The Shining One

Shops:
D:5 *   D:6 (

Annotations:
D:4 3 runed translucent doors, Lanoc's ghost, amateur DsCK


Innate Abilities, Weirdness & Mutations

Your experience applies equally to all skills.
You have very sharp teeth.
Your uncanny sense of smell can sniff out nearby items.


Message History

The worker ant closely misses you. The worker ant zombie bites you.
* * * LOW HITPOINT WARNING * * *
The worker ant bites you!
* * * LOW HITPOINT WARNING * * *
The jelly hits you.
* * * LOW HITPOINT WARNING * * *
The acid corrodes you!
You are splashed with acid.
* * * LOW HITPOINT WARNING * * *
You feel better.
The worker ant waves its antennae.
The worker ant bites you but does no damage.
The worker ant zombie barely misses you.
The jelly hits you.
* * * LOW HITPOINT WARNING * * *
The acid corrodes you!
You are splashed with acid.
* * * LOW HITPOINT WARNING * * *
The jelly hits you.
* * * LOW HITPOINT WARNING * * *
The acid corrodes you!
You are splashed with acid!
You die...

#.......... #.#........
##.......... #.#........
#...........#
#..........
#.†.........#
#..........
#...........#
#.......... ##.........#
#.......... #.........#
##..........
#........####J..........
##.......#..@aZ.........
##........##...........
####..#####...........
##.# ##..........
##..### ##.........
###.....# #########
#.......# #.......#
#.......#


You could see a jelly, a worker ant and a worker ant zombie.

Vanquished Creatures
  Pikel (D:4)
  Sigmund (D:6)
  Menkaure (D:6)
  Edmund (D:4)
  Duvessa (D:6)
  An orc warrior (D:6)
  A slave (D:4)
  2 ogres
  A sky beast (D:6)
  A centaur (D:5)
  Dowan (D:6)
  A water moccasin zombie (D:5)
  A scorpion (D:7)
  2 crimson imps
  A bullfrog zombie (D:6)
  A hound (D:4)
  A jelly (D:6)
  2 bullfrog skeletons
  Ijyb (D:5)
  Terence (D:2)
  2 worker ants
  4 orc wizards
  A hound zombie (D:5)
  4 gnolls (D:3)
  2 adders
  A shadow imp (D:6)
  2 worms (D:2)
  5 dart slugs
  4 leopard geckos
  8 orcs
  8 bats
  2 giant cockroaches
  9 goblins
  9 hobgoblins
  6 jackals
  5 kobolds
  6 quokkas
  A ball python (D:6)
  2 frilled lizards
  A quokka skeleton (D:6)
  6 rats
111 creatures vanquished.

Notes
Turn   | Place    | Note
-------+----------+-------------------------------------------
     0 | D:1      | HungrySpirit the Gnoll Assassin began the quest for the
                  | Orb.
     0 | D:1      | Reached XP level 1. HP: 20/20 MP: 1/1
   133 | D:1      | Reached XP level 2. HP: 26/26 MP: 2/2
   505 | D:1      | Reached XP level 3. HP: 24/31 MP: 3/3
   755 | D:2      | Found an opulent altar of Gozag.
   813 | D:2      | Found a sparkling altar of Nemelex Xobeh.
   819 | D:2      | Noticed Terence
   834 | D:2      | Killed Terence
   834 | D:2      | Reached skill level 1 in Long Blades
   834 | D:2      | Reached skill level 1 in Axes
   834 | D:2      | Reached skill level 1 in Maces & Flails
   834 | D:2      | Reached skill level 1 in Polearms
   834 | D:2      | Reached skill level 1 in Staves
   834 | D:2      | Reached skill level 1 in Slings
   834 | D:2      | Reached skill level 1 in Bows
   834 | D:2      | Reached skill level 1 in Crossbows
   834 | D:2      | Reached skill level 1 in Armour
   834 | D:2      | Reached skill level 1 in Shields
   834 | D:2      | Reached skill level 1 in Unarmed Combat
   834 | D:2      | Reached skill level 1 in Spellcasting
   834 | D:2      | Reached skill level 1 in Invocations
   834 | D:2      | Reached skill level 1 in Evocations
   904 | D:2      | Reached XP level 4. HP: 38/38 MP: 5/5
   914 | D:2      | Found a stormy altar of Qazlal.
  1304 | D:2      | Reached skill level 1 in Conjurations
  1304 | D:2      | Reached skill level 1 in Hexes
  1304 | D:2      | Reached skill level 1 in Charms
  1304 | D:2      | Reached skill level 1 in Summonings
  1304 | D:2      | Reached skill level 1 in Necromancy
  1304 | D:2      | Reached skill level 1 in Translocations
  1304 | D:2      | Reached skill level 1 in Transmutations
  1304 | D:2      | Reached skill level 1 in Fire Magic
  1304 | D:2      | Reached skill level 1 in Ice Magic
  1304 | D:2      | Reached skill level 1 in Air Magic
  1304 | D:2      | Reached skill level 1 in Earth Magic
  1304 | D:2      | Reached skill level 1 in Poison Magic
  1672 | D:3      | Found a sacrificial altar of Ru.
  2121 | D:3      | Found a shimmering altar of Xom.
  2122 | D:3      | Found a hazy altar of Hepliaklqana.
  2123 | D:3      | Noticed a spectral ugly thing
  2239 | D:3      | Reached XP level 5. HP: 42/43 MP: 5/7
  2596 | D:3      | Found an iron altar of Okawaru.
  2971 | D:4      | Noticed an ogre
  3001 | D:4      | Killed an ogre
  3001 | D:4      | Reached skill level 8 in Stealth
  3001 | D:4      | Reached XP level 6. HP: 30/50 MP: 8/8
  3132 | D:4      | Found a runed translucent gate.
  3133 | D:4      | Found a runed translucent gate.
  3293 | D:4      | Reached skill level 5 in Fighting
  3293 | D:4      | Reached skill level 5 in Short Blades
  3293 | D:4      | Reached skill level 5 in Throwing
  3346 | D:4      | Got a scorched long sword
  3348 | D:4      | Identified the cursed +1 long sword "Ichale Tula" {flame,
                  | Fragile rF+ rC+ Dex+4} (You found it on level 4 of the
                  | Dungeon)
  3454 | D:4      | Found a runed translucent gate.
  3456 | D:4      | Noticed Lanoc's ghost (amateur DsCK)
  3651 | D:5      | Entered Level 5 of the Dungeon
  3712 | D:5      | Noticed Ijyb
  3931 | D:5      | Noticed a slave
  3933 | D:5      | Noticed a slave
  3933 | D:5      | Noticed Edmund
  3968 | D:4      | Killed Edmund
  3968 | D:4      | Reached XP level 7. HP: 38/56 MP: 10/10
  4314 | D:5      | Killed Ijyb
  4421 | D:5      | Noticed Pikel
  4618 | D:4      | Killed Pikel
  4618 | D:4      | Reached XP level 8. HP: 11/63 MP: 10/12
  5021 | D:5      | Found Tysk's Elemental Accessories.
  5268 | D:6      | Found a staircase to the Ecumenical Temple.
  5271 | D:6      | Found Qaef Tax's Antique Weapon Boutique.
  5480 | D:6      | Noticed Menkaure
  5493 | D:6      | Killed Menkaure
  5539 | D:6      | Reached XP level 9. HP: 46/69 MP: 14/14
  5685 | D:6      | Noticed Duvessa
  5685 | D:6      | Noticed Dowan
  5710 | D:6      | Killed Duvessa
  5717 | D:6      | Killed Dowan
  6040 | D:6      | Noticed Sigmund
  6050 | D:6      | Killed Sigmund
  6105 | D:6      | Found a glowing golden altar of the Shining One.
  6574 | D:7      | Splashed by a jelly's acid

Illustrated notes

Levels and vault maps discovered:
D:1:      minmay_arrival_split_and_join, layout_basic, chequers_decorated_corner
D:2:      layout_loops_cross, overflow_temple_1_default,
          nicolae_overflow_crystal_walls, lemuel_crystal_altar,
          minmay_misc_feat_room, uniq_terence
D:3:      layout_basic, regret_index_temple_of_mockery, nicolae_ru_awakened_eye,
          okawaru_altar_gauntlet_db, minmay_increasing_density
D:4:      layout_loops_ring, gammafunk_ghost_necromancy, first_ration
D:5:      layout_rooms, serial_glass, glass_columns_b, glass_columns_c,
          glass_columns_b, glass_columns_a, nicolae_elemental_shop, uniq_pikel,
          uniq_edmund, uniq_ijyb
D:6:      layout_basic, nicolae_tso_swordbearing_angel,
          minmay_temple_entry_trees, serial_shops, shop, grunt_decor_cap,
          uniq_menkaure, uniq_sigmund, uniq_duvessa
D:7:      layout_cave_pods, old_standard_altar, lemuel_coloured_pillars_altar,
          basic_altar, uniq_prince_ribbit1, uniq_joseph

Skill      XL: |  1  2  3  4  5  6  7  8  9 |
---------------+----------------------------+-----
Long Blades    | 1 2 3 4 |  4.0
Axes           | 1 2 3 4 |  4.0
Maces & Flails | 1 2 3 4 |  4.0
Polearms       | 1 2 3 4 |  4.0
Staves         | 1 2 3 4 |  4.0
Slings         | 1 2 3 4 |  4.0
Bows           | 1 2 3 4 |  4.0
Crossbows      | 1 2 3 4 |  4.0
Armour         | 1 2 3 4 |  4.0
Shields        | 1 2 3 4 |  4.0
Unarmed Combat | 1 2 3 4 |  4.0
Spellcasting   | 1 2 3 4 |  4.0
Invocations    | 1 2 3 4 |  4.4
Evocations     | 1 2 3 4 |  4.0
Conjurations   | 1 2 3 |  3.3
Hexes          | 1 2 3 |  3.3
Charms         | 1 2 3 |  3.3
Summonings     | 1 2 3 |  3.3
Necromancy     | 1 2 3 |  3.3
Translocations | 1 2 3 |  3.3
Transmutations | 1 2 3 |  3.3
Fire Magic     | 1 2 3 |  3.3
Ice Magic      | 1 2 3 |  3.3
Air Magic      | 1 2 3 |  3.3
Earth Magic    | 1 2 3 |  3.3
Poison Magic   | 1 2 3 |  3.3
Dodging        | 3 4 |  4.8
Stealth        | 8 |  8.8
Fighting       | 5 6 |  6.2
Short Blades   | 5 6 |  6.2
Throwing       | 5 6 |  6.2

Action                   |  1- 3 |  4- 6 |  7- 9 || total
-------------------------+-------+-------+-------++-------
Melee: Dagger            |    68 |   357 |    64 ||   489
       Bite              |    10 |    46 |    27 ||    83
       Punch             |       |     6 |    11 ||    17
       Whip              |       |       |    61 ||    61
       Hand axe          |       |       |    80 ||    80
Throw: Dart              |     3 |    23 |    48 ||    74
  Use: Scroll            |       |     2 |     3 ||     5
       Potion            |       |       |     3 ||     3
 Stab: Sleeping          |     6 |     9 |     3 ||    18
       Distracted        |       |     1 |       ||     1
  Eat: Chunk             |       |     9 |     8 ||    17
Armor: Ring mail         |    10 |       |       ||    10
       Robe              |     2 |       |       ||     2
       Scale mail        |     7 |   121 |    71 ||   199
Dodge: Dodged            |    24 |   143 |    98 ||   265
